Match 38803975
Unlisted

Match 38803975
End
Kradschützen Motorcycle Team
Panzergrenadier Squad
Selects Italian Infantry
Panzergrenadier Squad
Construct Light Support Kompanie
MG34 Team
Selects Guastatori Squad
Selects L6/40 Light Tank Combat Group
L6/40 Light Tank Combat Group
2.5-tonne Medical Truck
Guastatori Squad
Fire Support Elements
Selects Defensive Operations
Pak 38 Mechanized Group
Construct Panzerarmee Kommand
Walking Stuka Rocket Launcher
Selects Prepared Positions
Walking Stuka Rocket Launcher
Armored Reserves
Selects Towed Cannone da 105/28 Field Howitzer
Towed Cannone da 105/28 Field Howitzer
Emergency Repair Kits
Rapid Advance
Forward Retreat Point
Doge
Harrier Du Bois
matjouz
Sarmynation
0
0

Comments sign in to comment!

No comments posted yet!